 Dungeon Crawl Stone Soup version 0.30-a0-25-gacc37e2db0 (webtiles) character file.

Game seed: 9109410375435591866

583 Plasmagod the Cutter (level 7, -5/57 HPs)
             Began as a Hill Orc Monk on Aug 25, 2022.
             Was an Elder of Dithmenos.
             Shot with an arrow by a centaur (7 damage)
             ... on level 5 of the Dungeon.
             The game lasted 00:10:36 (4276 turns).

Plasmagod the Cutter (Hill Orc Monk)                Turns: 4276, Time: 00:10:37

Health: -5/57      AC:  3    Str: 14    XL:     7   Next: 37%
Magic:  7/7        EV: 11    Int: 10    God:    Dithmenos [****..]
Gold:   165        SH:  3    Dex: 15    Spells: 6/6 levels left

rFire   . . .      SeeInvis .    i - +0 hand axe (venom)
rCold   . . .      Faith    .    g - +0 buckler
rNeg    . . .      Spirit   .    j - +0 leather armour
rPois   .          Reflect  .    (no helmet)
rElec   .          Harm     .    (no cloak)
rCorr   .          Rampage  .    (no gloves)
Will    .....                    (no boots)
Stlth   ++........               (no amulet)
HPRegen 0.19/turn                (no ring)
MPRegen 0.10/turn                (no ring)

@: wreathed by umbra
A: no striking features
a: Renounce Religion, Shadow Step


You were on level 5 of the Dungeon.
You worshipped Dithmenos.
Dithmenos was greatly pleased with you.
You visited 1 branch of the dungeon, and saw 6 of its levels.
You also visited: Sewer.

You collected 165 gold pieces.

Inventory:

Hand Weapons
 i - a +0 hand axe of venom (weapon)
 l - a +0 triple crossbow
 o - a +0 dagger
Missiles
 r - 6 atropa-tipped darts (quivered)
Armour
 g - a +0 buckler (worn)
 j - a +0 leather armour (worn)
Wands
 q - a wand of mindburst (6)
Scrolls
 a - 2 scrolls of enchant weapon {unknown}
 b - 3 scrolls of enchant armour {unknown}
 d - a scroll of summoning {unknown}
 e - 7 scrolls of identify {unknown}
 m - 6 scrolls of teleportation {unknown}
 n - a scroll of blinking {unknown}
 p - a scroll of fear {unknown}
 u - 3 scrolls of fog {unknown}
 v - a scroll of brand weapon {unknown}
Potions
 c - a potion of ambrosia
 f - 5 potions of curing
 h - 2 potions of mutation {unknown}
 s - a potion of heal wounds {unknown}
 t - a potion of attraction {unknown}
 w - a potion of lignification {unknown}


   Skills:
 - Level 3.6 Fighting
 + Level 6.9 Short Blades
 - Level 5.7 Axes
 - Level 2.4 Dodging
 - Level 1.5 Stealth


You had 6 spell levels left.
You didn't know any spells.
Your spell library contained the following spells:

 Spells                   Type           Power      Damage    Failure   Level
 Beastly Appendage        Tmut           0%         N/A       54%         1
 Summon Small Mammal      Summ           0%         N/A       54%         1
 Wereblood                Tmut           0%         N/A       69%         2
 Call Canine Familiar     Summ           0%         N/A       89%         3
 Spider Form              Tmut/Pois      0%         N/A       89%         3
 Summon Guardian Golem    Hex/Summ       0%         N/A       89%         3


Dungeon Overview and Level Annotations

Branches:
Dungeon (6/15)              Sewer (visited)
 Temple: D:4-7

Altars:
Dithmenos
Elyvilon
Trog
The Shining One

Shops:
D:4 *


Message History

The centaur shoots an arrow.
The arrow hits you!
The centaur shoots an arrow.
You block the arrow.
The centaur unwields a +1 vorpal shortbow.
The centaur wields a +0 mace.
The centaur misses you. The centaur barely misses you.
You hit the centaur.
The centaur is moderately wounded.
The centaur hits you with a +0 mace! You block the centaur's attack.
The centaur hits you with a +0 mace! The centaur barely misses you.
You hit the centaur but do no damage.
The centaur is poisoned.
The centaur is moderately wounded.
The centaur hits you with a +0 mace.
The centaur kicks you but does no damage.
You hit the centaur.
The centaur looks even sicker.
The centaur is heavily wounded.
The centaur closely misses you.
The centaur kicks you but does no damage.
The centaur closely misses you. The centaur kicks you.
You barely miss the centaur.
The centaur is heavily wounded.
The centaur hits you with a +0 mace.
* * * LOW HITPOINT WARNING * * *
The centaur kicks you.
* * * LOW HITPOINT WARNING * * *
The centaur hits you with a +0 mace.
* * * LOW HITPOINT WARNING * * *
The centaur kicks you.
* * * LOW HITPOINT WARNING * * *
You hit the centaur.
The centaur is heavily wounded.
Your shadow hits the centaur with a hand axe.
The centaur hits you with a +0 mace.
* * * LOW HITPOINT WARNING * * *
The centaur kicks you.
* * * LOW HITPOINT WARNING * * *
The centaur drinks a potion.
The centaur is healed!
The centaur looks more healthy.
The centaur unwields a +0 mace.
The centaur wields a +1 vorpal shortbow.
The centaur shoots an arrow.
The arrow hits you!
You die...

######'## #........
############### #........
..>...........# #.>......
##.##########.## #........
....# #..# #........ #...######
##.####........ ..#.#....#
#..@##........ ###.#....#
###..c........ #......#
###......... #......#
#.######## #[#....# #.###
#.#....#### #...###
#.####....########...##########
#.# ####............).........
#.# ###############.######.


You could see a centaur.

Vanquished Creatures
  2 scorpions (D:5)
  An orc priest (D:5)
  2 hounds
  An iguana (D:4)
  Natasha (twice) (D:3)
  2 orc wizards (D:5)
  A hell rat (Sewer)
  4 gnolls (D:2)
  8 adders
  3 river rats
  3 worms
  3 dart slugs (D:1)
  4 orcs
  9 ball pythons
  6 bats
  8 endoplasms
  4 giant cockroaches
  2 goblins (D:2)
  6 hobgoblins
  2 jackals (D:3)
  4 quokkas
  5 frilled lizards
  5 kobolds
  10 rats
97 creatures vanquished.

Notes
Turn   | Place    | Note
-------+----------+-------------------------------------------
     0 | D:1      | Plasmagod the Hill Orc Monk began the quest for the Orb.
     0 | D:1      | Reached XP level 1. HP: 19/19 MP: 1/1
   204 | D:1      | Found a faded altar of an unknown god.
   221 | D:1      | Prayed at the altar of an unknown god.
   221 | D:1      | Became a worshipper of Dithmenos the Shadowed
   221 | D:1      | Reached * piety under Dithmenos
   221 | D:1      | Reached ** piety under Dithmenos
   247 | D:1      | Reached XP level 2. HP: 25/26 MP: 2/2
   313 | D:1      | Reached skill level 5 in Axes
   354 | D:1      | Reached *** piety under Dithmenos
   819 | D:1      | Reached XP level 3. HP: 29/31 MP: 3/3
  1023 | D:2      | Reached skill level 1 in Short Blades
  1080 | D:2      | Reached skill level 2 in Short Blades
  1080 | D:2      | Reached XP level 4. HP: 21/39 MP: 4/4
  1576 | D:2      | Reached skill level 3 in Short Blades
  1596 | D:2      | Reached XP level 5. HP: 40/45 MP: 5/5
  1929 | D:3      | Found a bloodstained altar of Trog.
  1965 | D:3      | Reached **** piety under Dithmenos
  2084 | D:3      | Noticed Natasha
  2092 | D:3      | Killed Natasha
  2093 | D:3      | Reached skill level 4 in Short Blades
  2097 | D:3      | Noticed Natasha
  2108 | D:3      | Killed Natasha
  2490 | D:3      | Found a white marble altar of Elyvilon.
  2490 | D:3      | Found a glowing golden altar of the Shining One.
  2580 | D:4      | Reached XP level 6. HP: 47/51 MP: 6/6
  2727 | D:4      | Reached skill level 5 in Short Blades
  2848 | D:4      | Found a glowing drain.
  2857 | Sewer    | Entered a sewer
  3183 | D:4      | Found Hoobbeilo's Assorted Antiques.
  3201 | D:4      | You fall into a shaft and drop 2 floors!
  3218 | D:6      | Noticed an ice beast
  3252 | D:5      | Entered Level 5 of the Dungeon
  3479 | D:5      | Reached skill level 6 in Short Blades
  3479 | D:5      | Reached XP level 7. HP: 45/57 MP: 7/7
  3958 | D:5      | HP: 2/57 [poisoned by a scorpion]
  4275 | D:5      | HP: 2/57 [centaur/+0 mace (2)]
  4276 | D:5      | Shot with an arrow by a centaur

Illustrated notes

Levels and vault maps discovered:
D:1:      doesnt_arrival_eight_statues, layout_basic,
          shapermc_ecumenical_altar_ellora, minmay_heptomino_d4
D:2:      layout_rooms
D:3:      layout_rooms, trog_butcher_becter, gammafunk_temple_overflow_pools,
          nicolae_figureground_sparkle, uniq_natasha
D:4:      layout_basic, portal_sewer_entry_e, serial_shops,
          nicolae_shop_competitors_out_of_business, minmay_misc_feat_enclosed
D:5:      layout_basic, biasface_ghost_orc_armoury,
          minmay_misc_feat_more_columns
D:6:      layout_rooms, mainiacjoe_overflow_brackets,
          nicolae_wu_jian_immortal_techniques, hellmonk_ghost_happy_afterlife,
          nicolae_eternal_life, kennysheep_generic_room_5

Skill      XL: |  1  2  3  4  5  6 |
---------------+-------------------+-----
Axes           | 5 |  5.7
Short Blades   | 2 3 4 6 |  6.9
Fighting       | |  3.6
Dodging        | |  2.4
Stealth        | |  1.5

Action                   |  1- 3 |  4- 6 |  7- 9 || total
-------------------------+-------+-------+-------++-------
Melee: Hand axe          |    78 |   175 |    24 ||   277
       Dagger            |       |     1 |       ||     1
Throw: Throwing net      |       |       |     1 ||     1
Invok: Shadow Step       |       |     1 |       ||     1
  Use: Potion            |       |       |     1 ||     1
 Stab: Sleeping          |     8 |     8 |       ||    16
Armor: Robe              |     3 |       |       ||     3
       Leather armour    |     9 |    29 |     4 ||    42
Dodge: Dodged            |    54 |    89 |    14 ||   157
Block: Buckler           |     5 |    19 |     4 ||    28

Table legend: (Time is in decaauts)
 A = Elapsed time spent in this place.
 B = Non-inter-level travel time spent in this place.
 C = Inter-level travel time spent in this place.
 D = Time resting spent in this place.
 E = Time spent auto-exploring this place.
 F = Levels seen in this place.
 G = Mean time per level.
                   A        B        C        D        E       F      G
               +--------+--------+--------+--------+--------+-----+--------+
         Total |   4303 |   4222 |     81 |    815 |   2302 |   7 |  614.7 |
       Dungeon |   4089 |   4008 |     81 |    677 |   2302 |   6 |  681.5 |
         Sewer |    213 |    213 |      0 |    138 |      0 |   1 |  213.0 |
               +--------+--------+--------+--------+--------+-----+--------+

Top non-repeatable levels by time:
     D:5: 1026 daAuts
     D:1: 899 daAuts
     D:2: 816 daAuts
     D:3: 810 daAuts
     D:4: 485 daAuts
   Sewer: 213 daAuts
     D:6: 51 daAuts
